 Dungeon Crawl Stone Soup version 0.30-a0-421-g7324886 (webtiles) character file.

Game seed: 2206588999558920052

317 Dorkslayer the Covered (level 6, -4/38 HPs)
             Began as a Gargoyle Fighter on Dec 8, 2022.
             Slain by an iguana (9 damage)
             ... on level 4 of the Dungeon.
             The game lasted 00:06:04 (1863 turns).

Dorkslayer the Covered (Gargoyle Fighter)           Turns: 1863, Time: 00:06:05

Health: -4/38      AC: 12    Str: 20    XL:     6   Next: 45%
Magic:  6/6        EV:  9    Int:  8    God:
Gold:   160        SH:  4    Dex: 11    Spells: 5/5 levels left

rFire   . . .      SeeInvis .    a - +0 long sword
rCold   + . .      Faith    .    c - +0 buckler
rNeg    + + .      Spirit   .    b - +0 scale mail
rPois   ∞          Reflect  .    (no helmet)
rElec   +          Harm     .    i - +0 cloak
rCorr   .          Rampage  .    (no gloves)
Will    .....                    (no boots)
Stlth   ..........               (no amulet)
HPRegen 0.26/turn                h - ring of positive energy
MPRegen 0.10/turn                l - ring of protection from cold

@: no status effects
A: sickness immunity, AC +4, negative energy resistance 1, electricity
resistance, torment resistance 1, petrification resistance
a: no special abilities


You were on level 4 of the Dungeon.
You visited 1 branch of the dungeon, and saw 4 of its levels.

You collected 160 gold pieces.

Inventory:

Hand Weapons
 a - a +0 long sword (weapon)
Armour
 b - a +0 scale mail (worn)
 c - a +0 buckler (worn)
 i - a +0 cloak (worn)
Jewellery
 h - a ring of positive energy (left hand)
 l - a ring of protection from cold (right hand)
 p - a ring of protection from cold
Wands
 q - a wand of acid (6)
Scrolls
 e - a scroll of poison
 m - 2 scrolls of teleportation {unknown}
 n - a scroll of brand weapon {unknown}
 o - 2 scrolls of enchant weapon {unknown}
 r - a scroll of noise {unknown}
 u - a scroll of fog {unknown}
 w - a scroll of silence {unknown}
Potions
 f - a potion of haste
 k - a potion of brilliance
 s - a potion of lignification {unknown}
 t - a potion of mutation {unknown}
 v - a potion of resistance {unknown}
 x - a potion of ambrosia {unknown}


   Skills:
 + Level 4.2 Fighting
 + Level 3.7 Long Blades
 + Level 4.4 Armour
 * Level 1.8 Dodging
 + Level 0.2 Stealth
 + Level 3.7 Shields
 * Level 1.4 Evocations


You had 5 spell levels left.
You didn't know any spells.
Your spell library contained the following spells:

 Spells                   Type           Power      Damage    Failure   Level
 Apportation              Tloc           0%         N/A       83%         1
 Ensorcelled Hibernation  Hex/Ice        0%         N/A       93%         2
 Passwall                 Tmut/Erth      0%         N/A       93%         2
 Summon Guardian Golem    Hex/Summ       0%         N/A       99%         3
 Swiftness                Air            0%         N/A       99%         3
 Alistair's Intoxication  Tmut/Pois      0%         N/A       100%        5
 Orb of Destruction       Conj           0%         9d5       100%        7
 Spellforged Servitor     Conj/Summ      0%         N/A       100%        7


Dungeon Overview and Level Annotations

Branches:
Dungeon (4/15)
 Temple: D:4-7

Altars:
Trog
Zin


Innate Abilities, Weirdness & Mutations

You are immune to sickness and miasma.
Your stone body is resilient. (AC +4)
You are immune to poison.
You resist negative energy. (rN+)
You are resistant to electric shocks. (rElec)
You are resistant to unholy torment.
You are immune to petrification.


Message History

An iguana comes into view.
The iguana hisses angrily.
The iguana bites you but does no damage.
You hit the iguana but do no damage. You block the iguana's attack.
You barely miss the iguana. The iguana closely misses you. x2
You hit the iguana.
The iguana is lightly wounded.
You block the iguana's attack.
You hit the iguana.
The iguana is lightly wounded.
You block the iguana's attack.
You hit the iguana.
The iguana is moderately wounded.
The iguana bites you.
You barely miss the iguana.
The iguana is moderately wounded.
The iguana bites you but does no damage.
The iguana bites you.
You barely miss the iguana.
The iguana is moderately wounded.
The iguana bites you!
* * * LOW HITPOINT WARNING * * *
You barely miss the iguana.
The iguana is moderately wounded.
The iguana barely misses you.
You hit the iguana but do no damage.
The iguana is moderately wounded.
The iguana bites you but does no damage.
The iguana bites you.
* * * LOW HITPOINT WARNING * * *
You hit the iguana.
The iguana is moderately wounded.
The iguana bites you but does no damage.
Aiming: Corrosive Bolt
Press: ? - help, Shift-Dir - straight line, f - iguana
Aim: an iguana (moderately wounded, 75% to hit)
The bolt of acid hits the iguana!
The acid corrodes the iguana!
The iguana is almost dead.
The iguana bites you!
You die...

### .... ..... ..... #...#
###########
#..######..........
#....)))........#
##..####..<.....# #### #
#.@### #........#
#...##.#l...###........###
.........##....##..######.
......##....##.##..### #.
.......####.##.......####.
........{)..K....###..##..
.........##)##.†.####)##..
.......$...........##.....
...####..##...............


You could see an iguana (corroded).

Vanquished Creatures
  A bullfrog (D:3)
  The ghost of PurpleRed the Cutter, a weakling DEFi (D:3)
  Crazy Yiuf (D:3)
  3 orc wizards (D:4)
  5 adders
  2 worms (D:3)
  5 dart slugs
  2 orcs (D:4)
  5 ball pythons
  5 bats
  5 endoplasms
  2 giant cockroaches
  5 goblins
  5 hobgoblins
  6 jackals (D:3)
  5 kobolds
  A quokka (D:1)
  2 frilled lizards (D:2)
  A rat (D:3)
62 creatures vanquished.

Vanquished Creatures (others)
  6 plants (D:3)
6 creatures vanquished.

Grand Total: 68 creatures vanquished

Notes
Turn   | Place    | Note
-------+----------+-------------------------------------------
     0 | D:1      | Dorkslayer the Gargoyle Fighter began the quest for the
                  | Orb.
     0 | D:1      | Reached XP level 1. HP: 14/14 MP: 1/1
   113 | D:1      | Reached XP level 2. HP: 16/19 MP: 2/2
   320 | D:1      | Reached XP level 3. HP: 23/23 MP: 3/3
   641 | D:2      | Found a bloodstained altar of Trog.
   898 | D:3      | Reached skill level 1 in Dodging
  1059 | D:3      | Reached XP level 4. HP: 26/29 MP: 4/4
  1118 | D:3      | Found a glowing silver altar of Zin.
  1470 | D:3      | Found a runed translucent door.
  1476 | D:3      | Noticed a bullfrog
  1476 | D:3      | Noticed PurpleRed's ghost (weakling DEFi)
  1488 | D:3      | Killed a bullfrog
  1489 | D:3      | Reached XP level 5. HP: 33/33 MP: 5/5
  1492 | D:3      | Killed PurpleRed's ghost
  1493 | D:3      | Reached skill level 1 in Evocations
  1548 | D:3      | Found a runed translucent door.
  1549 | D:3      | Noticed Crazy Yiuf
  1557 | D:3      | Killed Crazy Yiuf
  1558 | D:3      | Reached XP level 6. HP: 33/38 MP: 6/6
  1863 | D:4      | Slain by an iguana

Illustrated notes

Levels and vault maps discovered:
D:1:      scummos_arrival_gate, layout_rooms, minmay_tromino_v7
D:2:      layout_basic, basic_altar, item_on_display_a
D:3:      layout_basic, mainiacjoe_overflow_cross_hatched,
          ebering_ghost_sewer_d, uniq_crazy_yiuf_cottage
D:4:      layout_rooms, minmay_misc_feat_cross, uniq_eustachio

Skill      XL: |  1  2  3  4  5 |
---------------+----------------+-----
Long Blades    | 2 3 |  3.7
Dodging        | 1 |  1.8
Armour         | 4 |  4.4
Fighting       | 4 |  4.2
Evocations     | 1 |  1.4
Stealth        | |  0.2
Shields        | |  3.7

Action                   |  1- 3 |  4- 6 || total
-------------------------+-------+-------++-------
Melee: Long sword        |   127 |   155 ||   282
Evoke: Wand              |       |     4 ||     4
  Use: Scroll            |     4 |     1 ||     5
       Potion            |       |     5 ||     5
Armor: Scale mail        |    84 |    95 ||   179
Dodge: Dodged            |    72 |    51 ||   123
Block: Buckler           |    34 |    34 ||    68

Table legend: (Time is in decaauts)
 A = Elapsed time spent in this place.
 B = Non-inter-level travel time spent in this place.
 C = Inter-level travel time spent in this place.
 D = Time resting spent in this place.
 E = Time spent auto-exploring this place.
 F = Levels seen in this place.
 G = Mean time per level.
                   A        B        C        D        E       F      G
               +--------+--------+--------+--------+--------+-----+--------+
         Total |   1932 |   1929 |      3 |      0 |    549 |   4 |  483.0 |
       Dungeon |   1932 |   1929 |      3 |      0 |    549 |   4 |  483.0 |
               +--------+--------+--------+--------+--------+-----+--------+

Top non-repeatable levels by time:
     D:3: 845 daAuts
     D:1: 441 daAuts
     D:2: 432 daAuts
     D:4: 214 daAuts
